 Dungeon Crawl Stone Soup version 0.32-a0-468-g38b2580584 (webtiles) character file.

Game seed: 4596895104593032691

2839 timneilson the Ruffian (level 9, -7/61 HPs)
             Began as an Octopode Shapeshifter on Feb 24, 2024.
             Was an Initiate of Gozag.
             Mangled by Prince Ribbit (15 damage)
             ... on level 8 of the Dungeon.
             The game lasted 00:14:50 (7304 turns).

timneilson the Ruffian (Octopode Shapeshifter)      Turns: 7304, Time: 00:14:51

Health: -7/61      AC:  1    Str: 17    XL:     9   Next: 74%
Magic:  9/9        EV: 13    Int: 13    God:    Gozag
Gold:   1198       SH:  9    Dex: 11    Spells: 8/8 levels left

rFire   . .          .
                       - Unarmed
rCold   . . .        l - +1 kite shield
rNeg    . . .        (helmet currently unavailable)
rPois   +            (no amulet)
rElec   .            i - ring of wizardry
rCorr   +            d - ring of poison resistance
SInv    .            g - ring of willpower
Will    +....        m - ring of resist corrosion
Stlth   ++++         (no ring)
HPRegen 0.30/turn    (no ring)
MPRegen 0.11/turn    (no ring)
                     (no ring)

%: wizardry (x1)
@: beast-form, gold aura
A: beast (slay +3), almost no armour, amphibious, 8 rings, camouflage 1,
gelatinous body 1, (nimble swimmer 1), tentacles
a: Begin Untransformation, Renounce Religion, Potion Petition, Call Merchant,
Bribe Branch


You were on level 8 of the Dungeon.
You worshipped Gozag.
Gozag was most pleased with you.
You were a hulking beast.
You visited 2 branches of the dungeon, and saw 9 of its levels.
You also visited: Ossuary.

You collected 1266 gold pieces.
You paid 68 gold pieces to Gozag.

Inventory:

Missiles
 j - 20 poisoned darts (quivered)
Armour
 l - a +1 kite shield (worn)
Jewellery
 d - a ring of poison resistance (right tentacle)
 g - a ring of willpower (on tentacle)
 i - a ring of wizardry (left tentacle)
 m - a ring of resist corrosion (on tentacle)
 v - a ring of magical power
Talismans
 b - a beast talisman (active)
 c - a flux talisman
Wands
 p - a wand of flame (13)
 q - a wand of paralysis (3)
 w - a wand of mindburst (2)
 x - a wand of digging (8)
Scrolls
 f - 2 scrolls of silence
 n - 3 scrolls of immolation
 o - a scroll of vulnerability
 r - a scroll of butterflies
 t - a scroll of poison
 y - 2 scrolls of fear
 z - 2 scrolls of enchant armour
 C - 3 scrolls of blinking
 E - a scroll of amnesia
 F - a scroll of teleportation
Potions
 a - 3 potions of lignification
 e - a potion of enlightenment
 h - 3 potions of heal wounds
 k - 2 potions of curing
 s - 2 potions of brilliance
 u - a potion of berserk rage {unknown}
 A - a potion of haste {unknown}
 B - 2 potions of magic


   Skills:
 * Level 5.5 Fighting
 * Level 6.0 Dodging
 + Level 5.7 Stealth
 + Level 3.4 Shields
 * Level 6.5 Unarmed Combat
 + Level 3.4 Evocations
 * Level 5.9 Shapeshifting


You had 8 spell levels left.
You didn't know any spells.
Your spell library contained the following spells:

 Spells                   Type           Power      Damage    Failure   Level
 Sting                    Conj/Alch      0%         1d3       32%         1
 Mercury Vapours          Alch/Air       0%         N/A       45%         2
 Frozen Ramparts          Ice            0%         1d1       67%         3
 Inner Flame              Hex/Fire       0%         N/A       67%         3
 Flame Wave               Conj/Fire      0%         2d4       96%         4
 Leda's Liquefaction      Alch/Erth      0%         N/A       96%         4
 Olgreb's Toxic Radiance  Alch           0%         N/A       96%         4
 Petrify                  Alch/Erth      0%         N/A       96%         4
 Sticky Flame             Fire/Alch      0%         2d4       96%         4
 Lee's Rapid Deconstruct  Erth           0%         3d4*      100%        5
 Metabolic Englaciation   Hex/Ice        0%         N/A       100%        5
 Bombard                  Conj/Erth      0%         9d1       100%        6


Dungeon Overview and Level Annotations

Branches:
Dungeon (8/15)             Temple (1/1) D:4         Ossuary (visited)
   Lair: D:8-11

Altars:
Ashenzari
Cheibriados
Dithmenos
Elyvilon
Fedhas
Gozag
Hepliaklqana
Kikubaaqudgha
Makhleb
Nemelex Xobeh
Okawaru
Qazlal
Ru
Sif Muna
Trog
Uskayaw
Vehumet
Wu Jian
Xom
Yredelemnul
Zin
The Shining One

Shops:
D:5 !

Annotations:
D:7 2 transporters, ezpacito's ghost, novice DsCK
D:8 Prince Ribbit


Innate Abilities, Weirdness & Mutations

You are a hulking beast.
Your limbs bulge with bestial killing power. (Slay +3)
You cannot wear most types of armour.
You are amphibious.
You can wear up to eight rings at the same time.
Your skin changes colour to match your surroundings (Stealth+).
Your rubbery body absorbs attacks. (AC +1, EV +1)
((You are camouflaged when in or above water. (Stealth+)))
You have tentacles for arms and can constrict up to eight enemies at once.


Message History

Items here: )) [[.
Things that are here:
a +0 flail; a +0 whip
Items here: )))) [[.
There is a stone staircase leading down here.
You climb downwards.
There is a stone staircase leading up here.
You open the door.
There is an open door here.
An orc comes into view. It is wielding a +0 hand axe.
Prince Ribbit comes into view.
Prince Ribbit croaks.
Prince Ribbit blinks!
Prince Ribbit moves out of view.
The orc shouts!
A gnoll comes into view. It is wielding a +0 flail.
A gnoll sergeant comes into view.
It is wielding a +1 trident of protection.
Something bites the fungus.
The fungus begins to die.
Prince Ribbit blinks!
You miss Prince Ribbit. Your grab misses Prince Ribbit.
You block Prince Ribbit's attack. Prince Ribbit closely misses you.
You barely miss Prince Ribbit. Your grab misses Prince Ribbit.
Prince Ribbit hits you!
You barely miss Prince Ribbit. Your grab misses Prince Ribbit.
Prince Ribbit hits you. You block Prince Ribbit's attack.
You tentacle-slap the orc. Your grab misses the orc.
The orc is lightly wounded.
Prince Ribbit hits you! You block the orc's attack.
You tentacle-slap the orc. Your grab misses the orc.
The orc is almost dead.
Prince Ribbit hits you. The orc misses you.
Prince Ribbit lets out a mournful croak.
Prince Ribbit hits you!!
* * * LOW HITPOINT WARNING * * *
You tentacle-slap the orc.
You kill the orc!
You block Prince Ribbit's attack.
You miss Prince Ribbit. You grab Prince Ribbit. You constrict Prince Ribbit.
Prince Ribbit closely misses you. Prince Ribbit hits you!
You die...
Your body crumbles into a pile of gold.

#.# ....
###.#######.#
#.......Fo..###
#.#.###.......#
#.#.#.'.........gg
#.#.#.#.......###.
#.#.#.#.........
#$#.#.#..........
#h#.#.#.....P.....
#F#.#.#......PPP..
#.# #.#.....PP.
#.# #. ....P.. #.#
#.# #.# ♣ #.# .
#.# .


You could see Prince Ribbit.

Vanquished Creatures
  Maggie (D:7)
  A water moccasin (D:7)
  2 ice beasts
  3 black bears
  An ogre (D:6)
  2 phantoms
  A kobold brigand (D:6)
  Blork the orc (D:4)
  A bullfrog (D:4)
  A gnoll sergeant (D:7)
  2 scorpions
  A howler monkey (D:5)
  2 electric eels (D:6)
  A centaur zombie (Ossuary)
  4 jellies
  A human zombie (Ossuary)
  3 bombardier beetles
  3 orc priests
  A gnoll bouda (D:7)
  A hound (D:6)
  2 sleepcaps
  6 iguanas
  3 orc wizards
  4 ogre zombies (Ossuary)
  7 mummies (Ossuary)
  18 gnolls
  5 adders
  A white imp (D:7)
  4 adder zombies (Ossuary)
  4 dart slugs
  2 ribbon worms
  26 orcs
  9 endoplasms
  3 giant cockroaches
  7 goblins
  9 hobgoblins
  5 jackals
  3 quokkas
  6 ball pythons
  4 bats
  2 frilled lizards
  A gnoll zombie (Ossuary)
  A goblin zombie (Ossuary)
  6 hobgoblin zombies (Ossuary)
  10 kobolds
  5 kobold zombies (Ossuary)
  2 orc zombies (Ossuary)
  3 quokka zombies (Ossuary)
  4 rats
  2 rat zombies (Ossuary)
197 creatures vanquished.

Notes
Turn   | Place    | Note
-------+----------+-------------------------------------------
     0 | D:1      | timneilson the Octopode Shapeshifter began the quest for
                  | the Orb.
     0 | D:1      | Reached XP level 1. HP: 13/13 MP: 1/1
    85 | D:1      | Reached XP level 2. HP: 10/18 MP: 2/2
   419 | D:1      | Reached XP level 3. HP: 23/23 MP: 3/3
   773 | D:2      | Reached skill level 1 in Stealth
  1666 | D:3      | Reached XP level 4. HP: 19/29 MP: 4/4
  2139 | D:4      | Reached XP level 5. HP: 27/34 MP: 5/5
  2177 | D:4      | Noticed Blork the orc
  2189 | D:4      | Killed Blork the orc
  2190 | D:4      | Reached skill level 1 in Shields
  2204 | D:4      | Reached XP level 6. HP: 23/41 MP: 6/6
  2733 | D:4      | Found a staircase to the Ecumenical Temple.
  2742 | Temple   | Entered the Ecumenical Temple
  2763 | Temple   | Became a worshipper of Gozag Ym Sagoz the Greedy
  2947 | D:4      | Reached XP level 7. HP: 41/46 MP: 7/7
  3062 | D:5      | Entered Level 5 of the Dungeon
  3320 | D:5      | Reached skill level 1 in Evocations
  3640 | D:5      | Found Yhene's Distillery.
  4148 | D:5      | Reached XP level 8. HP: 49/54 MP: 8/8
  4575 | D:6      | Reached skill level 5 in Unarmed Combat
  4763 | D:6      | Reached skill level 5 in Shapeshifting
  4976 | D:6      | Reached skill level 5 in Dodging
  5164 | D:6      | Found a stormy altar of Qazlal.
  5504 | D:7      | Identified the +1 great mace of the Breathing Gods {flame,
                  | *Noise Dex+7}
  5504 | D:7      | Noticed a two-headed ogre
  5505 | D:7      | Noticed ezpacito's ghost (novice DsCK)
  5506 | D:7      | Found a transporter.
  5550 | D:7      | Reached XP level 9. HP: 45/59 MP: 9/9
  5654 | D:7      | Reached skill level 5 in Stealth
  5684 | D:7      | Reached skill level 5 in Fighting
  5694 | D:7      | Found a sand-covered staircase.
  5699 | D:7      | Noticed Maggie
  5707 | Ossuary  | Entered an ossuary
  6562 | D:7      | Killed Maggie
  6776 | D:7      | Found a transporter.
  7279 | D:8      | Noticed Prince Ribbit
  7304 | D:8      | Mangled by Prince Ribbit

Illustrated notes

Levels and vault maps discovered:
D:1:      scummos_arrival_forest, layout_basic, serial_forest,
          infiniplex_forest_corner_1, infiniplex_forest_end_3,
          infiniplex_forest_clump_long, infiniplex_forest_clump_tiny,
          infiniplex_forest_lined_2, infiniplex_forest_lined_1
D:2:      layout_basic
D:3:      minmay_angry_zag, layout_rooms, serial_glass, glass_columns_b,
          glass_columns_c, glass_columns_b, glass_columns_b, glass_columns_b,
          glass_columns_b, glass_columns_a, glass_columns_b
D:4:      minmay_clustersquares, layout_basic,
          minmay_temple_entry_statues_pillars, serial_glass, glass_columns_a,
          glass_columns_a, minmay_tree_intersection, uniq_blork_the_orc
D:5:      layout_basic, serial_shops, nicolae_shop_rolling_square
D:6:      layout_loops_ring, overflow_temple_1_default, serial_park_tiny_pond,
          hangedman_decor_opposing, water_boxes_lemuel
D:7:      layout_rooms, gammafunk_ghost_smash,
          lightli_ossuary_entry_decrepit_ruins, uniq_maggie
D:8:      layout_basic, minmay_lair_entry_grove, kennysheep_nondescript,
          uniq_prince_ribbit1
Temple:   regret_index_temple_sigil_plot

Skill      XL: |  1  2  3  4  5  6  7  8  9 |
---------------+----------------------------+-----
Stealth        | 1 2 3 4 5 |  5.7
Fighting       | 2 3 4 5 |  5.5
Dodging        | 3 4 5 6 |  6.0
Shields        | 1 2 3 |  3.4
Unarmed Combat | 4 5 6 |  6.5
Shapeshifting  | 4 5 |  5.9
Evocations     | 1 2 3 |  3.4

Action                     |  1- 3 |  4- 6 |  7- 9 || total
---------------------------+-------+-------+-------++-------
  Melee: Unarmed           |    76 |    99 |   294 ||   469
         Tentacles         |    14 |    29 |    80 ||   123
         Constrict         |    11 |    32 |    76 ||   119
         Punch             |       |     5 |    12 ||    17
  Throw: Dart              |       |       |     4 ||     4
  Evoke: Wand              |       |       |     4 ||     4
    Use: Scroll            |     6 |     2 |     7 ||    15
         Potion            |       |       |     3 ||     3
   Stab: Sleeping          |     6 |     8 |    17 ||    31
         Distracted        |       |       |     1 ||     1
 Armour: Skin              |    22 |    33 |    94 ||   149
  Dodge: Dodged            |    41 |    34 |   101 ||   176
  Block: Kite shield       |     6 |    28 |    80 ||   114

Table legend: (Time is in decaauts)
 A = Elapsed time spent in this place.
 B = Non-inter-level travel time spent in this place.
 C = Inter-level travel time spent in this place.
 D = Time resting spent in this place.
 E = Time spent auto-exploring this place.
 F = Levels seen in this place.
 G = Mean time per level.
                   A        B        C        D        E       F      G
               +--------+--------+--------+--------+--------+-----+--------+
         Total |   7333 |   7134 |    199 |   1034 |   4236 |  10 |  733.3 |
       Dungeon |   6439 |   6280 |    159 |    788 |   3932 |   8 |  804.9 |
        Temple |     42 |      2 |     40 |      0 |      0 |   1 |   42.0 |
       Ossuary |    851 |    851 |      0 |    246 |    304 |   1 |  851.0 |
               +--------+--------+--------+--------+--------+-----+--------+

Top non-repeatable levels by time:
     D:4: 1287 daAuts
     D:5: 1197 daAuts
     D:6: 944 daAuts
     D:7: 872 daAuts
 Ossuary: 851 daAuts
     D:2: 781 daAuts
     D:1: 716 daAuts
     D:3: 551 daAuts
     D:8: 87 daAuts
  Temple: 42 daAuts
